 Dungeon Crawl Stone Soup version 0.19-b1-1-g9a3527e (webtiles) character file.

1507 grisgris the Covert (level 8, -3/54 HPs)
             Began as a Vampire Enchanter on Oct 27, 2016.
             Slain by an orc wizard
             ... wielding a +0 dagger of speed
              (5 damage)
             ... on level 6 of the Dungeon.
             The game lasted 00:20:56 (6558 turns).

grisgris the Covert (Vampire Enchanter)             Turns: 6558, Time: 00:20:56

Health: -3/54      AC:  4    Str:  7    XL:     8   Next: 52%
Magic:  2/14       EV: 13    Int: 24    God:
Gold:   73         SH:  4    Dex: 17    Spells: 5 memorised, 7 levels left

rFire  . . .     SeeInvis +     a - +1 dagger
rCold  + + .     Gourm    .     b - +1 robe
rNeg   + + .     Faith    .     p - +0 buckler
rPois  +         Spirit   .     (no helmet)
rElec  .         Reflect  .     (no cloak)
rCorr  .         Harm     .     f - +0 pair of gloves
MR     .....                    (no boots)
Stlth  ++++++....               (no amulet)
                                o - ring of Light {+Fly rC+ Dex+2}
                                m - ring of wizardry

@: brilliant, flying, regenerating slowly
A: fangs 3, see invisible, unbreathing
a: Bat Form


You were on level 6 of the Dungeon.
You were near bloodless.

You visited 1 branch of the dungeon, and saw 6 of its levels.

You collected 212 gold pieces.
You spent 139 gold pieces at shops.

Inventory:

Hand Weapons
 a - a +1 dagger (weapon)
Armour
 b - a +1 robe (worn)
 f - a +0 pair of gloves (worn)
 p - a +0 buckler (worn)
Jewellery
 m - a ring of wizardry (left hand)
 o - the ring of Light (right hand) {+Fly rC+ Dex+2}
   (You found it on level 5 of the Dungeon)

   [ring of flight]

   It affects your dexterity (+2).
   It protects you from cold.
   It lets you fly.
Scrolls
 d - a scroll of teleportation
 e - 3 scrolls of identify
 g - 5 scrolls of fear
 j - 2 scrolls of blinking
 k - 2 scrolls of remove curse
Potions
 i - 3 potions of cancellation
Books
 c - a book of Maledictions

   Spells                             Type                      Level
   a - Corona                         Hexes                        1
   b - Ensorcelled Hibernation        Hexes/Ice                    2
   c - Confuse                        Hexes                        3
   d - Tukima's Dance                 Hexes                        3
   e - Dazzling Spray                 Conjuration/Hexes            3
 l - a book of Cantrips

   Spells                             Type                      Level
   a - Confusing Touch                Hexes                        1
   b - Animate Skeleton               Necromancy                   1
   c - Summon Small Mammal            Summoning                    1
   d - Apportation                    Translocation                1


   Skills:
 + Level 1.5 Fighting
 + Level 4.0 Short Blades
 + Level 3.3 Dodging
 * Level 12.0 Stealth
 + Level 4.1 Spellcasting
 + Level 6.8 Hexes
 + Level 2.1 Ice Magic


You had 7 spell levels left.
You knew the following spells:

 Your Spells              Type           Power        Failure   Level  Hunger
a - Ensorcelled Hibernat  Hex/Ice        #####.       1%          2    #......
b - Confuse               Hex            ######..     1%          3    ##.....
c - Corona                Hex            ######.      1%          1    None
d - Summon Small Mammal   Summ           ###.         2%          1    None
e - Apportation           Tloc           ###.......   2%          1    None


Dungeon Overview and Level Annotations

Branches:
Dungeon (6/15)
 Temple: D:4-7

Altars:
Ru

Shops:
D:5 [


Innate Abilities, Weirdness & Mutations

You heal slowly.
You have razor-sharp teeth.
You have supernaturally acute eyesight. (SInv)
You can survive without breathing.


Message History

You hit the adder but do no damage. You bite the adder.
You draw the adder's blood!
You feel better.
You feel slightly less thirsty.
You kill the adder!
Your Stealth skill increases to level 12!
You feel clever all of a sudden.
The orc wizard hits you but does no damage.
You feel very buoyant.
You fly up into the air.
The orc wizard hits you but does no damage.
The orc wizard casts a spell at you. The puff of flame hits you!
* * * LOW HITPOINT WARNING * * *
Casting: Corona
Confirm with . or Enter, or press ? or * to list all spells.
Aiming: Ensorcelled Hibernation
Press: ? - help, Shift-Dir - straight line, f - orc wizard
Aim: an orc wizard, wielding a dagger of speed and wearing a robe (chance to defeat MR: 67%)
The orc wizard resists with significant effort.
The orc wizard hits you with a dagger of speed.
You die...

.....# #..# ♣♣♣...♣♣
.....# ##.# ♣♣....♣
.....# #.## ♣.....♣
###### #..# ♣♣....♣
##.## ♣.♣[.♣♣ #..##
♣♣♣♣♣♣ ##).##
##.o#################
##.@................
###################


You could see an orc wizard.

Vanquished Creatures
  Grinder (D:5)
  The ghost of Isidrus the Skirmisher, an amateur HOFi (D:3)
  An ogre (D:5)
  A black bear (D:6)
  2 phantoms (D:4)
  A necrophage (D:5)
  A centaur (D:6)
  2 scorpions
  2 crimson imps (D:6)
  A hound (D:5)
  A centaur skeleton (D:4)
  An orc priest (D:3)
  Terence (D:2)
  3 orc wizards (D:4)
  A worker ant (D:3)
  A killer bee zombie (D:6)
  11 adders
  2 shadow imps
  2 oozes
  An adder zombie (D:6)
  3 worms
  A dart slug (D:3)
  3 leopard geckos
  13 orcs
  7 bats
  2 giant cockroaches
  5 goblins
  11 hobgoblins
  16 jackals
  4 kobolds
  2 frilled lizards (D:2)
  6 rats
110 creatures vanquished.

Notes
Turn   | Place    | Note
-------+----------+-------------------------------------------
     0 | D:1      | grisgris the Vampire Enchanter began the quest for the Orb.
     0 | D:1      | Reached XP level 1. HP: 13/13 MP: 3/3
   247 | D:1      | Reached skill level 5 in Stealth
   247 | D:1      | Reached XP level 2. HP: 17/19 MP: 0/5
   402 | D:1      | Learned a level 2 spell: Ensorcelled Hibernation
  1000 | D:1      | Reached XP level 3. HP: 24/25 MP: 3/6
  1006 | D:1      | Learned a level 3 spell: Confuse
  1698 | D:2      | Reached skill level 6 in Stealth
  1769 | D:2      | Reached XP level 4. HP: 27/31 MP: 4/7
  1782 | D:2      | Reached skill level 5 in Hexes
  1798 | D:2      | Noticed Terence
  1810 | D:2      | Killed Terence
  2409 | D:3      | Noticed Isidrus's ghost (amateur HOFi)
  2500 | D:3      | Killed Isidrus's ghost
  2500 | D:3      | Reached skill level 7 in Stealth
  2500 | D:3      | Reached skill level 1 in Ice Magic
  2500 | D:3      | Reached XP level 5. HP: 22/36 MP: 2/9
  2741 | D:3      | Reached XP level 6. HP: 42/42 MP: 10/10
  2747 | D:3      | Reached skill level 8 in Stealth
  3771 | D:4      | Found a sacrificial altar of Ru.
  3779 | D:4      | Learned a level 1 spell: Summon Small Mammal
  3781 | D:4      | Learned a level 1 spell: Apportation
  4410 | D:5      | Entered Level 5 of the Dungeon
  4499 | D:4      | Reached skill level 1 in Fighting
  4499 | D:4      | Reached skill level 9 in Stealth
  4499 | D:4      | Reached XP level 7. HP: 44/48 MP: 6/11
  5112 | D:5      | Noticed Grinder
  5140 | D:5      | Killed Grinder
  5140 | D:5      | Reached skill level 10 in Stealth
  5366 | D:5      | Reached XP level 8. HP: 48/54 MP: 6/13
  5500 | D:5      | Found Toptej's Antique Armour Shoppe.
  5516 | D:5      | Bought a buckler for 139 gold pieces
  5576 | D:5      | Got a wavering turquoise ring
  5577 | D:5      | Identified the ring of Light {+Fly rC+ Dex+2} (You found it on level 5 of the Dungeon)
  5767 | D:5      | Reached skill level 11 in Stealth
  6543 | D:6      | Reached skill level 12 in Stealth
  6548 | D:6      | HP: 1/54 [orc wizard/puff of flame (11)]
  6558 | D:6      | Slain by an orc wizard

Skill      XL: |  1  2  3  4  5  6  7  8 |
---------------+-------------------------+-----
Stealth        | 5 6 7 9 10 12 | 12.0
Hexes          | 5 6 |  6.8
Short Blades   | 2 3 4 |  4.0
Ice Magic      | 1 2 |  2.1
Spellcasting   | 3 4 |  4.1
Dodging        | 3 |  3.3
Fighting       | 1 |  1.5

Action                   |  1- 3 |  4- 6 |  7- 9 || total
-------------------------+-------+-------+-------++-------
Melee: Dagger            |   145 |   130 |   117 ||   392
       Bite              |     9 |    12 |     9 ||    30
 Cast: Corona            |    22 |     9 |     4 ||    35
       Ensorcelled Hiber |    15 |    18 |    21 ||    54
       Confuse           |     1 |    15 |    17 ||    33
       Summon Small Mamm |       |     1 |       ||     1
 Abil: End Transformatio |       |       |     1 ||     1
       Bat Form          |       |       |     1 ||     1
  Use: Scroll            |     6 |     4 |     3 ||    13
       Potion            |     2 |     2 |     5 ||     9
 Stab: Sleeping          |    14 |    24 |    16 ||    54
       Confused          |       |    12 |    12 ||    24
  Eat: Corpse            |     1 |       |     3 ||     4
Armor: Robe              |    56 |    26 |     9 ||    91
Dodge: Dodged            |   103 |    45 |    36 ||   184
Block: Buckler           |       |       |    13 ||    13
